 Dungeon Crawl Stone Soup version 0.23-a0-703-gdf2d5e0 (webtiles) character file.

773 JeffiDaFish the Purveyor of Pain (level 7, -2/48 HPs)
             Began as a Demonspawn Necromancer on Jan 14, 2019.
             Was an Initiate of Kikubaaqudgha.
             Slain by a quasit (3 damage)
             ... on level 5 of the Dungeon.
             The game lasted 00:14:42 (5561 turns).

JeffiDaFish the Purveyor of Pain (DsNe)             Turns: 5561, Time: 00:14:44

Health: -2/48      AC:  3    Str:  8      XL:     7   Next: 53%
Magic:  3/13       EV:  2    Int: 16 (18) God:    Kikubaaqudgha [......]
Gold:   308        SH:  0    Dex: -19 (14)Spells: 5/15 levels left

rFire    . . .     SeeInvis .   j - +0 rapier
rCold    . . .     Gourm    .   (no shield)
rNeg     . . .     Faith    .   a - +1 robe
rPois    .         Spirit   .   (no helmet)
rElec    .         Reflect  .   (no cloak)
rCorr    .         Harm     .   (no gloves)
MR       +....                  (no boots)
Stlth    ..........             (no amulet)
HPRegen  0.16/turn              (no ring)
MPRegen  0.13/turn              h - ring of protection from magic

@: slowed, lost dexterity, very slow
A: talons 2, demonic guardian 1, nightstalker 1
a: Renounce Religion


You were on level 5 of the Dungeon.
You worshipped Kikubaaqudgha.
Kikubaaqudgha was noncommittal.
You were hungry.

You visited 1 branch of the dungeon, and saw 5 of its levels.

You collected 308 gold pieces.

Inventory:

Hand Weapons
 j - a +0 rapier (weapon)
Armour
 a - a +1 robe (worn)
 d - a +4 scale mail of cold resistance
Jewellery
 h - a ring of protection from magic (right hand)
Wands
 b - a wand of polymorph (7)
 m - a wand of flame (18)
Scrolls
 e - a scroll of remove curse
 f - 3 scrolls of identify
Potions
 k - a potion of might
Comestibles
 c - 9 rations


   Skills:
 + Level 1.2 Fighting
 - Level 1.7 Dodging
 - Level 3.0 Stealth
 + Level 4.5 Spellcasting
 * Level 8.3 Necromancy


You had 5 spell levels left.
You knew the following spells:

 Your Spells              Type           Power        Failure   Level  Hunger
a - Pain                  Necr           ####         1%          1    None
b - Vampiric Draining     Necr           ####......   1%          3    ###....
c - Regeneration          Chrm/Necr      ###.......   9%          3    ###....
d - Dazzling Spray        Conj/Hex       #.....       43%         3    ###....

Your spell library contained the following spells:

 Spells                   Type           Power        Failure   Level  Hunger
 Animate Skeleton         Necr           N/A          1%          1    None
 Animate Dead             Necr           N/A          5%          4    ####...
 Magic Dart               Conj           #...         16%         1    None
 Searing Ray              Conj           #.....       24%         2    ##.....
 Force Lance              Conj/Tloc      #.......     83%         4    ####...
 Fulminant Prism          Conj/Hex       #.........   83%         4    ####...
 Iskenderun's Mystic Bla  Conj           #.......     83%         4    ####...


Dungeon Overview and Level Annotations

Branches:
Dungeon (5/15)
 Temple: D:4-7

Altars:
Elyvilon
Kikubaaqudgha
Trog

Annotations:
D:4 2 transporters, ezpacito's ghost, amateur DsFi


Innate Abilities, Weirdness & Mutations

You have razor-sharp toenails.
A weak demonic guardian rushes to your aid.
You are slightly more attuned to the shadows.


Message History

The quasit claws you.
* * * LOW HITPOINT WARNING * * *
The quasit claws you.
* * * LOW HITPOINT WARNING * * *
You feel clumsy.
Unknown command.
The quasit bites you but does no damage.
The quasit claws you but does no damage.
The quasit claws you.
* * * LOW HITPOINT WARNING * * *
You feel clumsy.
Unknown command.
The quasit bites you but does no damage.
The quasit claws you.
* * * LOW HITPOINT WARNING * * *
The quasit claws you.
* * * LOW HITPOINT WARNING * * *
The quasit bites you.
You die...
Kikubaaqudgha rasps: "You have failed me!
Welcome... death!"

#.#.##########..#
#.#.# #..#
#.#.####### #..#
#.........####..#
###.#####.##....#
#.# #.##.#.## #.#
#.##(#.#
#.#####.##(#.#
#..@5........#
#########).###
#####..####
##.....†...#
#.......##.#
#..###.## #
#..###.###.##
#...........#
##.###.###.>#


You could see a quasit.

Vanquished Creatures
  Eustachio (D:4)
  A phantom (D:5)
  An ogre (D:4)
  A centaur (D:5)
  A howler monkey (D:4)
  A crimson imp (D:5)
  Jessica (D:3)
  Terence (D:3)
  Natasha (twice) (D:3)
  2 worker ants (D:4)
  A gnoll (D:1)
  5 adders
  A worm (D:2)
  5 dart slugs
  4 leopard geckos
  5 orcs
  6 giant cockroaches
  4 hobgoblins
  2 jackals (D:4)
  5 quokkas
  6 bats
  5 frilled lizards
  6 goblins
  10 kobolds
  2 quokka skeletons
  2 rats (D:2)
81 creatures vanquished.

Vanquished Creatures (collateral kills)
  Purgy (D:3)
1 creature vanquished.

Grand Total: 82 creatures vanquished

Notes
Turn   | Place    | Note
-------+----------+-------------------------------------------
     0 | D:1      | JeffiDaFish the Demonspawn Necromancer began the quest for
                  | the Orb.
     0 | D:1      | Reached XP level 1. HP: 13/13 MP: 3/3
   241 | D:1      | Gained mutation: You are slightly more attuned to the
                  | shadows. [demonic ancestry]
   241 | D:1      | Reached XP level 2. HP: 19/19 MP: 5/5
  1177 | D:1      | Reached skill level 5 in Necromancy
  1177 | D:1      | Gained mutation: You have sharp toenails. [demonic
                  | ancestry]
  1177 | D:1      | Reached XP level 3. HP: 24/24 MP: 4/6
  2057 | D:2      | Learned a level 3 spell: Vampiric Draining
  2061 | D:2      | Learned a level 3 spell: Regeneration
  2192 | D:2      | Gained mutation: A weak demonic guardian rushes to your
                  | aid. [demonic ancestry]
  2192 | D:2      | Reached XP level 4. HP: 27/30 MP: 4/8
  3150 | D:3      | Noticed Purgy
  3183 | D:3      | Killed Purgy
  3183 | D:3      | Reached skill level 6 in Necromancy
  3183 | D:3      | Reached XP level 5. HP: 9/35 MP: 1/9
  3433 | D:3      | Noticed Natasha
  3436 | D:3      | Killed Natasha
  3862 | D:3      | Noticed Jessica
  3865 | D:3      | Killed Jessica
  3930 | D:3      | Noticed Terence
  3936 | D:3      | Killed Terence
  3936 | D:3      | Gained mutation: You have razor-sharp toenails. [demonic
                  | ancestry]
  3936 | D:3      | Reached XP level 6. HP: 31/41 MP: 3/11
  4138 | D:3      | Noticed Natasha
  4142 | D:3      | Killed Natasha
  4293 | D:4      | Found an ancient bone altar of Kikubaaqudgha.
  4313 | D:4      | Became a worshipper of Kikubaaqudgha
  4318 | D:4      | Learned a level 3 spell: Dazzling Spray
  4329 | D:4      | Found a transporter.
  4372 | D:4      | Found a white marble altar of Elyvilon.
  4432 | D:4      | Reached skill level 7 in Necromancy
  4438 | D:4      | Noticed Eustachio
  4965 | D:4      | Killed Eustachio
  4965 | D:4      | Reached XP level 7. HP: 22/46 MP: 5/13
  5155 | D:4      | Found a bloodstained altar of Trog.
  5309 | D:4      | Found a transporter.
  5381 | D:4      | Noticed ezpacito's ghost (amateur DsFi)
  5409 | D:5      | Entered Level 5 of the Dungeon
  5424 | D:5      | Reached skill level 8 in Necromancy
  5492 | D:5      | Reached skill level 1 in Fighting
  5538 | D:5      | Lost dexterity.
  5550 | D:5      | HP: 2/48 [quasit (1)]
  5561 | D:5      | HP: 1/48 [quasit (2)]
  5561 | D:5      | Slain by a quasit

Vault maps used:
D:1:      lightli_arrival_flooded_house
D:2:      st_stairs_10
D:3:      first_ration, hangedman_decor_peaks_small, uniq_terence, uniq_natasha,
          uniq_jessica, uniq_purgy
D:4:      kiku_gazebo_pond_becter, lightli_temple_of_fire,
          gammafunk_ghost_gnarly_gnolls, elyvilon_altar_5, uniq_eustachio
D:5:      grunt_temple_overflow_open, grunt_dithmenos_shadows, serial_shops,
          kennysheep_mini_moat, uniq_prince_ribbit1

Skill      XL: |  1  2  3  4  5  6  7 |
---------------+----------------------+-----
Stealth        | 2 3 |  3.0
Necromancy     | 5 6 7 8 |  8.3
Spellcasting   | 3 4 |  4.5
Fighting       | 1 |  1.2
Dodging        | |  1.7

Action                   |  1- 3 |  4- 6 |  7- 9 || total
-------------------------+-------+-------+-------++-------
Melee: Unarmed           |    10 |       |       ||    10
       Dagger            |    11 |    42 |       ||    53
       Kick              |     1 |    14 |     2 ||    17
       Rapier            |       |       |    62 ||    62
 Cast: Pain              |    57 |    79 |     7 ||   143
       Vampiric Draining |       |    16 |     5 ||    21
       Regeneration      |       |     1 |     5 ||     6
       Dazzling Spray    |       |       |     1 ||     1
  Use: Scroll            |     3 |     4 |     1 ||     8
       Potion            |     3 |     7 |     2 ||    12
 Stab: Sleeping          |     3 |     3 |       ||     6
  Eat: Chunk             |     1 |     8 |     1 ||    10
       Ration            |     1 |       |     1 ||     2
Armor: Robe              |     3 |    25 |    94 ||   122
Dodge: Dodged            |    23 |    63 |   100 ||   186

Table legend:
 A = Non-vault XP
 B = Vault XP
 C = Vault XP percentage of total XP
 D = Non-vault monster count
 E = Vault monster count
 F = Vault count percentage of total count
                 A         B        C        D         E       F
            +---------+---------+-------+---------+---------+-------
      Total |     701 |     404 |  36.6 |      74 |       8 |   9.8
            +---------+---------+-------+---------+---------+-------
        D:1 |      47 |       0 |   0.0 |      16 |       0 |   0.0
        D:2 |      56 |      16 |  22.2 |      17 |       3 |  15.0
        D:3 |      84 |     216 |  72.0 |      20 |       4 |  16.7
        D:4 |     277 |     172 |  38.3 |      16 |       1 |   5.9
        D:5 |     237 |       0 |   0.0 |       5 |       0 |   0.0
            +---------+---------+-------+---------+---------+-------
